 Dungeon Crawl Stone Soup version 0.24-a0-507-g3e8b242632 (webtiles) character file.

Game seed: 10269944853870185949

71 Inarius the Caller (level 4, 0/31 HPs)
             Began as a Demonspawn Summoner on July 18, 2019.
             Slain by a gnoll
             ... wielding a +0 halberd
              (2 damage)
             ... on level 3 of the Dungeon.
             The game lasted 00:04:44 (2596 turns).

Inarius the Caller (Demonspawn Summoner)            Turns: 2596, Time: 00:04:45

Health: 0/31       AC:  6    Str:  9    XL:     4   Next: 5%
Magic:  3/7        EV: 12    Int: 22    God:
Gold:   68         SH:  0    Dex: 13    Spells: 5/8 levels left

rFire    . . .     SeeInvis .   d - +0 short sword
rCold    . . .     Gourm    .   (no shield)
rNeg     . . .     Faith    .   k - +0 leather armour
rPois    .         Spirit   .   (no helmet)
rElec    .         Reflect  .   (no cloak)
rCorr    .         Harm     .   (no gloves)
MR       .....                  b - +0 pair of boots
Stlth    +.........             (no amulet)
HPRegen  0.10/turn              j - ring of attention (curse)
MPRegen  0.10/turn              (no ring)

@: brilliant, lethally poisoned (0 -> -3), very slightly contaminated
A: hooves 1, molten scales 1
a: no special abilities


You were on level 3 of the Dungeon.
You were hungry.

You visited 1 branch of the dungeon, and saw 3 of its levels.

You collected 68 gold pieces.

Inventory:

Hand Weapons
 d - a +0 short sword (weapon)
Armour
 b - a +0 pair of boots (worn)
 k - a +0 leather armour (worn)
Jewellery
 e - an uncursed ring of ice
 j - a cursed ring of attention (left hand)
Comestibles
 c - 2 rations
 h - 9 chunks of flesh


   Skills:
 + Level 0.5 Fighting
 + Level 2.1 Dodging
 - Level 1.7 Stealth
 + Level 2.5 Spellcasting
 * Level 5.0 Summonings


You had 5 spell levels left.
You knew the following spells:

 Your Spells              Type           Power        Failure   Level  Hunger
a - Summon Small Mammal   Summ           ####         1%          1    None
b - Call Imp              Summ           #####...     1%          2    ##.....

Your spell library contained the following spells:

 Spells                   Type           Power        Failure   Level  Hunger
 Call Canine Familiar     Summ           #####...     1%          3    ###....
 Summon Guardian Golem    Hex/Summ       ####....     2%          3    ###....
 Summon Ice Beast         Ice/Summ       ####....     8%          4    ####...
 Summon Lightning Spire   Summ/Air       ####....     8%          4    ####...


Dungeon Overview and Level Annotations

Branches:
Dungeon (3/15)

Altars:
Gozag

Annotations:
D:3 Ijyb


Innate Abilities, Weirdness & Mutations

You have large cloven feet.
You are partially covered in molten scales. (AC +2)


Message History

You feel sick.
The orc shouts!
A rat comes into view.
* * * LOW HITPOINT WARNING * * *
You feel sick.
The rat moves out of view.
Ijyb the Twisted Goblin comes into view.
She is carrying a wand of polymorph (7).
* * * LOW HITPOINT WARNING * * *
You feel sick.
You are feeling hungry.
The gnoll shouts!
You hear a bark!
* * * LOW HITPOINT WARNING * * *
You feel sick.
A gnoll comes into view. It is wielding a +0 halberd.
The gnoll shouts!
You hear a bark!
The gnoll misses you. The gnoll barely misses you. x2
Unknown command.
The gnoll closely misses your crimson imp.
The gnoll hits you from afar with a +0 halberd.
You die...

.......#....#......... .
. ......
.......#.?..#..........
... .....
.......#....#...... ..
.... .......#....#......
# #. ...
....#..#..g5##...# # #..
..#..#..
.......#.........#.#....
........
...........K.g...#......
#..<
.......g.............
#.....##
...[.....#g..@.......
#.......
....#....r.go........
.....###
....#......g#.g.....#
... ...
#.......###.....# .. ##
#.....g.# .....# .
.......... .....#
............ ....#
............. #####
....###.......


You could see Ijyb, 7 gnolls, an orc, a kobold, a rat and a friendly crimson
imp.

Vanquished Creatures
  A worm (D:2)
  A dart slug (D:2)
  A leopard gecko (D:2)
  3 bats
  4 goblins
  A hobgoblin (D:1)
  2 jackals (D:2)
  A kobold (D:1)
  A quokka (D:2)
  7 frilled lizards
  5 rats
27 creatures vanquished.

Vanquished Creatures (collateral kills)
  Natasha (D:3)
  3 adders
  A leopard gecko (D:3)
  An orc (D:3)
  A giant cockroach (D:1)
  4 goblins
  2 hobgoblins (D:1)
  2 kobolds
  A quokka (D:3)
  2 bats
  A rat (D:3)
19 creatures vanquished.

Grand Total: 46 creatures vanquished

Notes
Turn   | Place    | Note
-------+----------+-------------------------------------------
     0 | D:1      | Inarius the Demonspawn Summoner began the quest for the
                  | Orb.
     0 | D:1      | Reached XP level 1. HP: 13/13 MP: 3/3
   853 | D:1      | Gained mutation: You have large cloven feet. [demonic
                  | ancestry]
   853 | D:1      | Reached XP level 2. HP: 13/19 MP: 1/5
  1018 | D:1      | Learned a level 2 spell: Call Imp
  1456 | D:2      | Found an opulent altar of Gozag.
  1896 | D:2      | Gained mutation: You are partially covered in molten
                  | scales. (AC +2) [demonic ancestry]
  1896 | D:2      | Reached XP level 3. HP: 21/25 MP: 6/6
  2563 | D:3      | Noticed Natasha
  2577 | D:3      | Killed Natasha
  2577 | D:3      | Reached skill level 5 in Summonings
  2577 | D:3      | Reached XP level 4. HP: 8/31 MP: 3/7
  2588 | D:3      | Noticed Ijyb
  2596 | D:3      | Slain by a gnoll

Levels and vault maps discovered:
D:1:      lightli_arrival_statue_moat, layout_loops_cross
D:2:      layout_basic, nicolae_gozag_seed_capital
D:3:      layout_basic, uniq_natasha, uniq_ijyb

Skill      XL: |  1  2  3 |
---------------+----------+-----
Dodging        | 2 |  2.1
Summonings     | 5 |  5.0
Fighting       | |  0.5
Stealth        | |  1.7
Spellcasting   | |  2.5

Action                   |  1- 3 |  4- 6 || total
-------------------------+-------+-------++-------
Melee: Short sword       |   147 |       ||   147
       Unarmed           |     1 |       ||     1
 Cast: Summon Small Mamm |    10 |       ||    10
       Call Imp          |    13 |     1 ||    14
  Use: Scroll            |     2 |       ||     2
       Potion            |       |     1 ||     1
 Stab: Sleeping          |     5 |       ||     5
  Eat: Chunk             |     6 |       ||     6
Armor: Robe              |    68 |       ||    68
       Leather armour    |     1 |       ||     1
Dodge: Dodged            |   143 |     3 ||   146

Table legend:
 A = Non-vault XP
 B = Vault XP
 C = Vault XP percentage of total XP
 D = Non-vault monster count
 E = Vault monster count
 F = Vault count percentage of total count
                 A         B        C        D         E       F
            +---------+---------+-------+---------+---------+-------
      Total |      85 |      17 |  16.7 |      45 |       1 |   2.2
            +---------+---------+-------+---------+---------+-------
        D:1 |      21 |       0 |   0.0 |      16 |       0 |   0.0
        D:2 |      44 |       0 |   0.0 |      19 |       0 |   0.0
        D:3 |      20 |      17 |  45.9 |      10 |       1 |   9.1
            +---------+---------+-------+---------+---------+-------
